PAA
YAKIMA HOPS @ SPRINGFIELD SHOOTERS
08/02/2038
 
TOP OF THE 1ST
Yakima Hops batting - Pitching for Springfield Shooters : LHP Morton Huffman
Pitching: LHP Morton Huffman
Batting: RHB Tokaji Heida 0-0: Fly out, F4 (Popup, 4D, EV 61.9 MPH)
Batting: RHB Sebastian Franke 0-0: Ball
1-0: Fly out, F7 (Flyball, 7LS, EV 89.4 MPH)
Batting: RHB Stock Tonports 0-0: Ball
1-0: Foul Ball, location: 2F
1-1: Fly out, F4 (Popup, 3D, EV 68.8 MPH)
Top of the 1st over - 0 runs, 0 hits, 0 errors, 0 left on base; Yakima 0 - Springfield 0
BOTTOM OF THE 1ST
Springfield Shooters batting - Pitching for Yakima Hops : RHP Félix Aiza
Pitching: RHP Félix Aiza
Batting: LHB Herman Patton 0-0: Ball
1-0: Swinging Strike
1-1: SINGLE (Flyball, 8RS, EV 99.4 MPH)
Batting: RHB David Milliken 0-0: Called Strike
0-1: Ball
1-1: Swinging Strike
1-2: Ball
2-2: Fielders Choice at 2nd, 5-4 (Groundball, 5L, EV 78.1 MPH)
Batting: LHB Sean Cox 0-0: Swinging Strike
0-1: Ball
1-1: Ball
2-1: Fly out, F9 (Flyball, 9S, EV 91.2 MPH)
Batting: RHB Manny Dedo 0-0: Ball
1-0: DOUBLE (Line Drive, 7LM, EV 99.4 MPH)
David Milliken to third
Runner from 3rd tries for Home, throw by LF and OUT! 7-6-2
Bottom of the 1st over - 0 runs, 2 hits, 0 errors, 1 left on base; Yakima 0 - Springfield 0
TOP OF THE 2ND
Yakima Hops batting - Pitching for Springfield Shooters : LHP Morton Huffman
Batting: RHB Ezra Booth 0-0: Called Strike
0-1: Foul Ball, location: 2F
0-2: Foul Ball, location: 2F
0-2: Fly out, F5 (Line Drive, 5, EV 73.1 MPH)
Batting: LHB Doug Cole 0-0: Ball
1-0: Ball
2-0: Ball
3-0: Called Strike
3-1: Foul Ball, location: 2F
3-2: Strikes out swinging
Batting: RHB Denis Taylor 0-0: Ball
1-0: Fly out, F9 (Flyball, 9D, EV 95.0 MPH)
Top of the 2nd over - 0 runs, 0 hits, 0 errors, 0 left on base; Yakima 0 - Springfield 0
BOTTOM OF THE 2ND
Springfield Shooters batting - Pitching for Yakima Hops : RHP Félix Aiza
Batting: RHB Orlando Samundio 0-0: Called Strike
0-1: Swinging Strike
0-2: Fly out, F2 (Popup, 3SF, EV 85.0 MPH)
Batting: RHB Ricardo Torres 0-0: Ball
1-0: Ground out 5-3 (Groundball, 56S, EV 70.0 MPH)
Batting: RHB Clay Myers 0-0: Ball
1-0: Fly out, F7 (Flyball, 7LMF, EV 90.0 MPH)
Bottom of the 2nd over - 0 runs, 0 hits, 0 errors, 0 left on base; Yakima 0 - Springfield 0
TOP OF THE 3RD
Yakima Hops batting - Pitching for Springfield Shooters : LHP Morton Huffman
Batting: LHB Juan Arellano 0-0: Ball
1-0: Ball
2-0: Called Strike
2-1: Ball
3-1: Foul Ball, location: 2F
3-2: Strikes out swinging
Batting: RHB Pablo Pagán 0-0: Called Strike
0-1: Called Strike
0-2: Ball
1-2: Ball
2-2: Fly out, F7 (Flyball, 7LS, EV 86.2 MPH)
Batting: SHB Pedro Montoya 0-0: Swinging Strike
0-1: Called Strike
0-2: Foul Ball, location: 2F
0-2: Fly out, F6 (Line Drive, 6, EV 71.2 MPH)
Top of the 3rd over - 0 runs, 0 hits, 0 errors, 0 left on base; Yakima 0 - Springfield 0
BOTTOM OF THE 3RD
Springfield Shooters batting - Pitching for Yakima Hops : RHP Félix Aiza
Batting: RHB Roland Reece 0-0: Ball
1-0: Called Strike
1-1: Ground out 1-3 (Groundball, 34S, EV 73.1 MPH)
Batting: RHB Albert Williamson 0-0: SINGLE (Groundball, 6MD, EV 98.8 MPH)
Batting: LHB Herman Patton 0-0: Swinging Strike
0-1: Ball
1-1: Foul Ball, location: 2F
1-2: Ball
2-2: Fly out, F9 (Line Drive, 9D, EV 90.0 MPH)
Batting: RHB David Milliken 0-0: Ball
1-0: Called Strike
1-1: SINGLE (Groundball, 56D, EV 99.4 MPH)
Albert Williamson to second
Batting: LHB Sean Cox 0-0: Swinging Strike
0-1: Ball
1-1: Called Strike
1-2: Ball
2-2: Strikes out swinging
Bottom of the 3rd over - 0 runs, 2 hits, 0 errors, 2 left on base; Yakima 0 - Springfield 0
TOP OF THE 4TH
Yakima Hops batting - Pitching for Springfield Shooters : LHP Morton Huffman
Batting: RHB Tokaji Heida 0-0: Ground out 6-3 (Groundball, 6, EV 95.6 MPH)
Batting: RHB Sebastian Franke 0-0: Ball
1-0: Fly out, F8 (Flyball, 8LXD, EV 93.1 MPH)
Batting: RHB Stock Tonports 0-0: Called Strike
0-1: Ball
1-1: Ground out 1-3 (Groundball, 15S, EV 65.6 MPH)
Top of the 4th over - 0 runs, 0 hits, 0 errors, 0 left on base; Yakima 0 - Springfield 0
BOTTOM OF THE 4TH
Springfield Shooters batting - Pitching for Yakima Hops : RHP Félix Aiza
Batting: RHB Manny Dedo 0-0: Swinging Strike
0-1: Swinging Strike
0-2: Ground out 5-3 (Groundball, 56, EV 87.5 MPH)
Batting: RHB Orlando Samundio 0-0: Ball
1-0: Ball
2-0: Called Strike
2-1: Ball
3-1: Called Strike
3-2: Foul Ball, location: 2F
3-2: Fly out, F7 (Flyball, 78S, EV 81.9 MPH)
Batting: RHB Ricardo Torres 0-0: Ball
1-0: Swinging Strike
1-1: Called Strike
1-2: Fly out, F9 (Flyball, 9S, EV 85.6 MPH)
Bottom of the 4th over - 0 runs, 0 hits, 0 errors, 0 left on base; Yakima 0 - Springfield 0
TOP OF THE 5TH
Yakima Hops batting - Pitching for Springfield Shooters : LHP Morton Huffman
Batting: RHB Ezra Booth 0-0: Fly out, F9 (Flyball, 9LMF, EV 75.0 MPH)
Batting: LHB Doug Cole 0-0: Ball
1-0: Called Strike
1-1: Foul Ball, location: 2F
1-2: Fly out, F7 (Line Drive, 7, EV 91.2 MPH)
Batting: RHB Denis Taylor 0-0: Ball
1-0: SINGLE (Groundball, 6MD, EV 110.0 MPH)
Batting: LHB Juan Arellano 0-0: Ball
1-0: SINGLE (Flyball, 7S, EV 92.5 MPH)
Denis Taylor to second
Batting: RHB Pablo Pagán 0-0: DOUBLE (Flyball, 8LXD, EV 93.8 MPH)
Denis Taylor scores
Juan Arellano to third
Runner from 3rd tries for Home, throw by CF and OUT! 8-6-2
Top of the 5th over - 1 run, 3 hits, 0 errors, 1 left on base; Yakima 1 - Springfield 0
BOTTOM OF THE 5TH
Springfield Shooters batting - Pitching for Yakima Hops : RHP Félix Aiza
Batting: RHB Clay Myers 0-0: Swinging Strike
0-1: Ground out 6-3 (Groundball, 6, EV 103.8 MPH)
Batting: RHB Roland Reece 0-0: Called Strike
0-1: Ball
1-1: Swinging Strike
1-2: Foul Ball, location: 2F
1-2: Foul Ball, location: 2F
1-2: Strikes out looking
Batting: RHB Albert Williamson 0-0: Ground out 5-3 (Groundball, 56, EV 103.8 MPH)
Bottom of the 5th over - 0 runs, 0 hits, 0 errors, 0 left on base; Yakima 1 - Springfield 0
TOP OF THE 6TH
Yakima Hops batting - Pitching for Springfield Shooters : LHP Morton Huffman
Batting: SHB Pedro Montoya 0-0: Ball
1-0: Fly out, F9 (Flyball, 89M, EV 81.9 MPH)
Batting: RHB Tokaji Heida 0-0: Ball
1-0: Swinging Strike
1-1: Ball
2-1: SINGLE (Line Drive, 78S, EV 89.4 MPH)
Batting: RHB Sebastian Franke 0-0: Ball
1-0: Swinging Strike
1-1: Ball
2-1: Fly out, F9 (Line Drive, 9S, EV 111.9 MPH)
Batting: RHB Stock Tonports 0-0: Foul Ball, location: 2F
0-1: Ball
1-1: Foul Ball, location: 2F
1-2: Foul Ball, location: 2F
1-2: DOUBLE (Line Drive, 7LM, EV 108.8 MPH)
Tokaji Heida to third
Runner from 3rd tries for Home, SAFE, throw by LF to home
Batting: RHB Ezra Booth 0-0: Intentional Walk
Batting: LHB Doug Cole 0-0: Called Strike
0-1: Swinging Strike
0-2: Ball
1-2: Strikes out looking
Top of the 6th over - 1 run, 2 hits, 0 errors, 2 left on base; Yakima 2 - Springfield 0
BOTTOM OF THE 6TH
Springfield Shooters batting - Pitching for Yakima Hops : RHP Félix Aiza
Batting: LHB Herman Patton 0-0: Called Strike
0-1: Called Strike
0-2: Strikes out swinging
Batting: RHB David Milliken 0-0: Swinging Strike
0-1: Called Strike
0-2: Ball
1-2: Ball
2-2: SINGLE (Line Drive, 7S, EV 106.2 MPH)
Batting: LHB Sean Cox 0-0: Called Strike
0-1: Foul Ball, location: 2F
0-2: Ball
1-2: Ball
2-2: SINGLE (Line Drive, 4D, EV 106.9 MPH)
David Milliken to second
Batting: RHB Manny Dedo 0-0: Swinging Strike
0-1: Ball
1-1: Foul Ball, location: 2F
1-2: Strikes out swinging
Batting: RHB Orlando Samundio 0-0: Ball
1-0: Called Strike
1-1: Foul Ball, location: 2F
1-2: Fly out, F7 (Flyball, 78S, EV 89.4 MPH)
Bottom of the 6th over - 0 runs, 2 hits, 0 errors, 2 left on base; Yakima 2 - Springfield 0
TOP OF THE 7TH
Yakima Hops batting - Pitching for Springfield Shooters : LHP Morton Huffman
Batting: RHB Denis Taylor 0-0: Ball
1-0: Ball
2-0: Ball
3-0: Swinging Strike
3-1: Base on Balls
Batting: LHB Juan Arellano 0-0: Ball
Wild Pitch!
Denis Taylor to second
1-0: Ball
2-0: Called Strike
2-1: Fly out, F7 (Flyball, 7, EV 90.6 MPH)
Batting: RHB Pablo Pagán 0-0: Intentional Walk
Batting: SHB Pedro Montoya 0-0: Fly out, F8 (Flyball, 8RXD, EV 85.0 MPH)
Runner from 2nd tags up, SAFE at 3rd, no throw by CF
Pitching: LHP Brendon Lewis
Batting: RHB Tokaji Heida 0-0: Called Strike
0-1: Ball
1-1: Ball
2-1: Called Strike
2-2: Strikes out swinging
Top of the 7th over - 0 runs, 0 hits, 0 errors, 2 left on base; Yakima 2 - Springfield 0
BOTTOM OF THE 7TH
Springfield Shooters batting - Pitching for Yakima Hops : RHP Félix Aiza
Batting: RHB Ricardo Torres 0-0: Ball
1-0: Called Strike
1-1: Foul Ball, location: 2F
1-2: Foul Ball, location: 2F
1-2: Strikes out swinging
Batting: RHB Clay Myers 0-0: Ball
1-0: Ball
2-0: Called Strike
2-1: Foul Ball, location: 2F
2-2: Strikes out swinging
Pitching: RHP Bert Hollingsworth
Batting: RHB Roland Reece 0-0: Ball
1-0: Foul Ball, location: 2F
1-1: Called Strike
1-2: Ball
2-2: Fly out, F8 (Line Drive, 8RD, EV 108.8 MPH)
Bottom of the 7th over - 0 runs, 0 hits, 0 errors, 0 left on base; Yakima 2 - Springfield 0
TOP OF THE 8TH
Yakima Hops batting - Pitching for Springfield Shooters : LHP Brendon Lewis
Batting: RHB Sebastian Franke 0-0: Called Strike
0-1: Ball
1-1: Called Strike
1-2: Foul Ball, location: 2F
1-2: Ball
2-2: Strikes out swinging
Batting: RHB Stock Tonports 0-0: Foul Ball, location: 2F
0-1: Foul Ball, location: 2F
0-2: Ball
1-2: SINGLE (Line Drive, 7S, EV 100.0 MPH)
Batting: RHB Ezra Booth 0-0: Fielders Choice at 2nd, 1-6 (Groundball, 13S, EV 75.6 MPH)
Batting: LHB Doug Cole 0-0: Ball
1-0: Ball
2-0: Foul Ball, location: 2F
2-1: Ball
3-1: 2-RUN HOME RUN (Flyball, 9D, EV 105.0 MPH), Distance : 357 ft
Batting: RHB Denis Taylor 0-0: Ball
1-0: Swinging Strike
1-1: Ball
2-1: Ball
3-1: Base on Balls
Batting: LHB Juan Arellano 0-0: Ball
1-0: Ball
2-0: Ball
3-0: Base on Balls
Denis Taylor to second
Batting: RHB Pablo Pagán 0-0: Ball
Wild Pitch!
Denis Taylor to third
Juan Arellano to second
1-0: Intentional Walk
Batting: SHB Pedro Montoya 0-0: Foul Ball, location: 2F
0-1: Ball
1-1: Called Strike
1-2: Strikes out swinging
Top of the 8th over - 2 runs, 2 hits, 0 errors, 3 left on base; Yakima 4 - Springfield 0
BOTTOM OF THE 8TH
Springfield Shooters batting - Pitching for Yakima Hops : RHP Bert Hollingsworth
Batting: RHB Albert Williamson 0-0: Fly out, F8 (Line Drive, 8LD, EV 95.6 MPH)
Batting: LHB Herman Patton 0-0: Ball
1-0: Ball
2-0: Called Strike
2-1: Ball
3-1: Called Strike
3-2: Foul Ball, location: 2F
3-2: Base on Balls
Batting: RHB David Milliken 0-0: Ball
1-0: Foul Ball, location: 2F
1-1: Ground out 5-3 (Groundball, 56S, EV 73.1 MPH)
Herman Patton to second
Batting: LHB Sean Cox 0-0: Ball
1-0: Called Strike
1-1: Foul Ball, location: 2F
1-2: SINGLE (Line Drive, 8LS, EV 88.1 MPH)
Herman Patton to third
Runner from 3rd tries for Home, SAFE, throw by CF to home
Batting: RHB Manny Dedo 0-0: Called Strike
0-1: SINGLE (Groundball, 34D, EV 110.0 MPH)
Sean Cox to second
Runner from 2nd tries for 3rd, SAFE, no throw by RF
Batting: RHB Orlando Samundio 0-0: Called Strike
0-1: Foul Ball, location: 2F
0-2: 3-RUN HOME RUN (Flyball, 7D, EV 95.6 MPH), Distance : 374 ft
Pitching: RHP John Guerra
Batting: RHB Ricardo Torres 0-0: Swinging Strike
0-1: Ball
1-1: Fly out, F7 (Flyball, 7S, EV 94.4 MPH)
Bottom of the 8th over - 4 runs, 3 hits, 0 errors, 0 left on base; Yakima 4 - Springfield 4
TOP OF THE 9TH
Yakima Hops batting - Pitching for Springfield Shooters : LHP Brendon Lewis
Batting: RHB Tokaji Heida 0-0: Ball
1-0: Ball
2-0: Ball
3-0: Base on Balls
Pitching: RHP Yasujiro Takayama
Batting: RHB Sebastian Franke 0-0: Ball
1-0: Ball
2-0: Ball
3-0: Base on Balls
Tokaji Heida to second
Batting: RHB Stock Tonports 0-0: Ball
1-0: Ball
2-0: Called Strike
2-1: Ball
3-1: Base on Balls
Tokaji Heida to third
Sebastian Franke to second
Pinch Hitting: LHB Flint Myers 0-0: Called Strike
0-1: Ball
1-1: Ball
2-1: SINGLE (Line Drive, 4MD, EV 98.1 MPH)
Tokaji Heida scores
Sebastian Franke to third
Stock Tonports to second
Runner from 3rd tries for Home, SAFE, throw by CF to home
Batting: LHB Doug Cole 0-0: Ball
1-0: Called Strike
1-1: Called Strike
1-2: Ball
2-2: Ball
3-2: Foul Ball, location: 2F
3-2: Foul Ball, location: 2F
3-2: Foul Ball, location: 2F
3-2: Foul Ball, location: 2F
3-2: Base on Balls
Stock Tonports to third
Flint Myers to second
Batting: RHB Denis Taylor 0-0: Ball
1-0: Ball
2-0: Called Strike
2-1: Fly out, F9 (Line Drive, 9, EV 101.9 MPH)
Runner from 3rd tags up, SCORES, throw by RF
Batting: LHB Juan Arellano 0-0: Foul Ball, location: 2F
0-1: Called Strike
0-2: Ball
1-2: Ball
2-2: SINGLE (Groundball, 34D, EV 105.0 MPH)
Flint Myers to third
Doug Cole to second
Runner from 3rd tries for Home, SAFE, no throw by RF
Pitching: LHP Gary Albert
Batting: RHB Pablo Pagán 0-0: Foul Ball, location: 2F
0-1: Foul Ball, location: 2F
0-2: Ball
1-2: Ball
2-2: Foul Ball, location: 2F
2-2: Grounds into double play, 6-4-3 (Groundball, 6, EV 89.4 MPH)
Top of the 9th over - 4 runs, 2 hits, 0 errors, 1 left on base; Yakima 8 - Springfield 4
BOTTOM OF THE 9TH
Springfield Shooters batting - Pitching for Yakima Hops : RHP John Guerra
Now at 3B: Tom Taylor
Batting: RHB Clay Myers 0-0: Ball
1-0: Ball
2-0: SINGLE (Groundball, 56D, EV 103.1 MPH)
Batting: RHB Roland Reece 0-0: Ball
1-0: SINGLE (Groundball, 56, EV 111.9 MPH) (infield hit)
Clay Myers to second
Batting: RHB Albert Williamson 0-0: Called Strike
0-1: Foul Ball, location: 2F
0-2: Foul Ball, location: 2F
0-2: Ball
1-2: Grounds into double play, 5-4-3 (Groundball, 56S, EV 80.0 MPH)
Clay Myers to third
Batting: LHB Herman Patton 0-0: Called Strike
0-1: Swinging Strike
0-2: Ball
1-2: Strikes out swinging
Bottom of the 9th over - 0 runs, 2 hits, 0 errors, 1 left on base; Yakima 8 - Springfield 4
Friday, April 17th, 2020 - OOTP Baseball 20.8 Build 74